 Dungeon Crawl Stone Soup version 0.17-a0-1719-g1afd5a1 (webtiles) character file.

158 kae the Firebug (level 5, 0/28 HPs)
             Began as a Tengu Fire Elementalist on Aug 28, 2015.
             Succumbed to a worker ant's poison
             ... on level 3 of the Dungeon.
             The game lasted 00:04:21 (2623 turns).

kae the Firebug (Tengu Fire Elementalist)           Turns: 2623, Time: 00:04:21

Health: 0/28       AC:  5    Str:  8    XL:     5   Next: 39%
Magic:  4/9        EV: 12    Int: 17    God:
Gold:   116        SH:  0    Dex: 14    Spells: 3 memorised, 2 levels left

rFire  . . .     SeeInvis .     (no weapon)
rCold  . . .     Clarity  .     a - +0 robe
rNeg   . . .     SustAt   .     (no shield)
rPois  .         Gourm    .     (helmet restricted)
rElec  .         Spirit   .     h - +2 cloak
rCorr  .         Warding  .     (no gloves)
rMut   .         Stasis   .     (boots unavailable)
MR     .....                    (no amulet)
Stlth  ++........               (no ring)
                                (no ring)

@: lethally poisoned (0 -> -5), not resistant to hostile enchantments,
unstealthy
A: beak, talons 3, able to fly 1
a: Fly


You were on level 3 of the Dungeon.
You were not hungry.

You visited 1 branch of the dungeon, and saw 3 of its levels.

You collected 116 gold pieces.

Inventory:

Armour
 a - a +0 robe (worn)
 h - a +2 cloak (worn)
Scrolls
 d - a scroll of enchant weapon {unknown}
 e - 2 scrolls of magic mapping
 g - 2 scrolls of teleportation {unknown}
 i - a scroll of blinking {unknown}
 k - 4 scrolls of remove curse {unknown}
 l - a scroll of amnesia {unknown}
 n - 3 scrolls of enchant armour {unknown}
 o - a scroll of immolation {unknown}
 p - a scroll of identify
Books
 b - a book of Flames

   Spells                             Type                      Level
   a - Flame Tongue                   Conjuration/Fire             1
   b - Throw Flame                    Conjuration/Fire             2
   c - Conjure Flame                  Conjuration/Fire             3
   d - Inner Flame                    Hexes/Fire                   3
   e - Sticky Flame                   Conjuration/Fire             4
   f - Fireball                       Conjuration/Fire             5
Comestibles
 c - 3 bread rations
 f - 2 chunks of flesh
 j - a royal jelly


   Skills:
 - Level 2.1 Dodging
 - Level 2.0 Stealth
 - Level 2.0 Spellcasting
 - Level 1.3 Conjurations
 + Level 6.5 Fire Magic


You had 2 spell levels left.
You knew the following spells:

 Your Spells              Type           Power        Failure   Level  Hunger
a - Flame Tongue          Conj/Fire      ###..        4%          1    #......
b - Throw Flame           Conj/Fire      ###...       10%         2    ###....
c - Conjure Flame         Conj/Fire      ###.....     14%         3    ###....


Dungeon Overview and Level Annotations

Branches:
Dungeon (3/15)

Altars:


Innate Abilities, Weirdness & Mutations

You have a beak for a mouth.
You have claws for feet.
You can fly.


Message History

You aren't carrying any potions.
There is a lethal amount of poison in your body!
There is a lethal amount of poison in your body!
* * * LOW HITPOINT WARNING * * *
You feel sick.
* * * LOW HITPOINT WARNING * * *
You feel sick.
* * * LOW HITPOINT WARNING * * *
You feel sick.
* * * LOW HITPOINT WARNING * * *
You feel sick.
* * * LOW HITPOINT WARNING * * *
You feel sick.
* * * LOW HITPOINT WARNING * * *
You feel sick.
* * * LOW HITPOINT WARNING * * *
You feel sick.
* * * LOW HITPOINT WARNING * * *
You feel sick.
You die...

... #.#
#.............#
.. ..#
####.#........#
...
.[...#.....##
#.#
###.####...##
...# ##.## #####
#.# #.#
#.############.#
#.....@........#
################


There were no monsters in sight!

Vanquished Creatures
  Terence (D:1)
  A worker ant (D:3)
  A gnoll (D:1)
  3 adders (D:2)
  An ooze (D:1)
  3 worms
  3 giant geckos
  5 orcs (D:3)
  2 goblins (D:1)
  3 hobgoblins
  11 jackals
  7 kobolds
  4 ball pythons
  6 bats
  2 giant newts (D:1)
  6 rats
59 creatures vanquished.

Notes
Turn   | Place    | Note
--------------------------------------------------------------
     0 | D:1      | kae the Tengu Fire Elementalist began the quest for the Orb.
     0 | D:1      | Reached XP level 1. HP: 10/10 MP: 4/4
   552 | D:1      | Reached XP level 2. HP: 12/15 MP: 0/6
   571 | D:2      | Reached skill level 4 in Fire Magic
  1230 | D:1      | Reached XP level 3. HP: 19/19 MP: 5/7
  1470 | D:2      | Noticed Terence
  1530 | D:2      | Reached skill level 5 in Fire Magic
  1541 | D:2      | Learned a level 2 spell: Throw Flame
  1545 | D:2      | Learned a level 3 spell: Conjure Flame
  1644 | D:2      | Reached XP level 4. HP: 24/24 MP: 3/8
  2069 | D:1      | Killed Terence
  2069 | D:1      | Reached skill level 6 in Fire Magic
  2255 | D:2      | Gained mutation: You can fly. [Tengu growth]
  2255 | D:2      | Reached XP level 5. HP: 24/28 MP: 7/9
  2621 | D:3      | HP: 1/28 [poisoned by a worker ant]
  2623 | D:3      | Succumbed to a worker ant's poison

Vault maps used:
D:1:      roderic_crossed_star, minmay_door_square
D:2:      first_bread, uniq_terence
D:3:      minmay_distorted, uniq_natasha

Action                   |  1- 3 |  4- 6 || total
-------------------------+-------+-------++-------
Melee: Unarmed           |    35 |    12 ||    47
 Cast: Flame Tongue      |    59 |    56 ||   115
       Conjure Flame     |       |     2 ||     2
  Use: Scroll            |     1 |       ||     1
       Potion            |       |     3 ||     3
 Stab: Sleeping          |     2 |       ||     2
  Eat: Chunk             |     3 |     5 ||     8
